 Dungeon Crawl Stone Soup version 0.17.0-26-gececa24 (webtiles) character file.

161666 shklvsk the Basher (level 17, -1/135 HPs)
             Began as a Mummy Wanderer on Nov 20, 2015.
             Was the Champion of Nemelex Xobeh.
             Shot with a bolt by a naga sharpshooter (14 damage)
             ... on level 3 of the Snake Pit.
             The game lasted 02:55:04 (42229 turns).

shklvsk the Basher (Mummy Wanderer)                Turns: 42229, Time: 02:55:04

Health: -1/135     AC: 31    Str: 19    XL:     17   Next: 20%
Magic:  24/26      EV: 10    Int: 18    God:    Nemelex Xobeh [******]
Gold:   579        SH:  0    Dex: 19    Spells: 0 memorised, 16 levels left

rFire  + . .     SeeInvis +     V - +4 great mace (crush)
rCold  + . .     Clarity  .     f - +4 plate armour {rF+}
rNeg   + + +     SustAt   .     (shield currently unavailable)
rPois  ∞         Gourm    .     t - +0 helmet
rElec  .         Spirit   .     i - +0 cloak
rCorr  .         Warding  +     I - +1 pair of gloves of Qatofir {rF+ MR+ Regen+ Dex+4}
rMut   .         Stasis   .     q - +0 pair of boots
MR     +++..                    C - amulet of warding {Ward, rN+, !d}
Stlth  ..........               g - ring of Patience {rPois Int+3 Dex+4 SInv}
                                o - +5 ring of protection

@: cleaving, extremely resistant to hostile enchantments, extremely unstealthy
A: no food or potions, fire vulnerability, cold resistance 1, negative energy
resistance 3, torment resistance, unbreathing, in touch with death 1, restore
body
a: Self-Restoration, Triple Draw, Deal Four, Stack Five, Renounce Religion


You were on level 3 of the Snake Pit.
You worshipped Nemelex Xobeh.
Nemelex Xobeh was exalted by your worship.
You were not hungry.

You visited 5 branches of the dungeon, and saw 31 of its levels.
You also visited: Labyrinth and Ice Cave.

You collected 2970 gold pieces.
You spent 2187 gold pieces at shops.

Inventory:

Hand Weapons
 a - the +6 whip "Biwn" {vamp, rC- rN+ Dex+2}
   (You found it on level 9 of the Dungeon)

   It inflicts no extra harm, but heals its wielder somewhat when it strikes a
   living foe.
   It affects your dexterity (+2).
   It makes you vulnerable to cold.
   It protects you from negative energy.
 b - a +1 blowgun
 V - a +4 great mace of crushing (weapon)
   (You took it off Rupert on level 6 of the Lair of Beasts)
Missiles
 c - 107 poisoned needles
 y - 3 throwing nets {=f, !d}
 J - 20 javelins (quivered)
 N - 8 curare-tipped needles
Armour
 f - a +4 plate armour of fire resistance (worn)
   (You took it off a vault guard on level 13 of the Dungeon)
 i - a +0 cloak (worn)
   (You found it on level 5 of the Dungeon)
 q - a +0 pair of boots (worn)
   (You found it on level 12 of the Dungeon)
 t - a +0 helmet (worn)
   (You took it off Robin on level 3 of the Dungeon)
 I - the +1 pair of gloves of Qatofir (worn) {rF+ MR+ Regen+ Dex+4}
   (You found it on level 9 of the Dungeon)

   It affects your dexterity (+4).
   It protects you from fire.
   It affects your resistance to hostile enchantments.
   It increases your rate of regeneration.
Jewellery
 g - the ring of Patience (right hand) {rPois Int+3 Dex+4 SInv}
   (You took it off a necromancer on level 15 of the Dungeon)

   [ring of poison resistance]

   It affects your intelligence (+3).
   It affects your dexterity (+4).
   It protects you from poison.
   It lets you see invisible.
 o - a +5 ring of protection (left hand)
   (You found it on level 2 of the Dungeon)
 p - an uncursed amulet of resist mutation {rMut, !d}
   (You found it on level 11 of the Dungeon)
 r - a +3 ring of slaying
   (You found it on level 7 of the Lair of Beasts)
 C - an amulet of warding (around neck) {Ward, rN+, !d}
   (You found it on level 7 of the Dungeon)
 G - an uncursed ring of teleportation {+/*tele, !d}
   (You found it on level 15 of the Dungeon)
 H - an uncursed ring of fire {rF+, rC-}
   (You found it in a labyrinth)
 M - an uncursed ring of ice {rC+, rF-}
   (You found it on level 2 of the Orcish Mines)
 T - the ring of Fyekex {rN+ EV+3}
   (You found it on level 15 of the Dungeon)

   [ring of evasion]

   It affects your evasion (+3).
   It protects you from negative energy.
Wands
 j - a wand of teleportation (6)
   (You found it on level 4 of the Lair of Beasts)
 k - a wand of draining (7)
   (You found it on level 5 of the Lair of Beasts)
 l - a wand of digging (16)
   (You bought it in a shop on level 1 of the Orcish Mines)
 n - a wand of disintegration (8)
   (You found it in a labyrinth)
 v - a wand of fire (8)
   (You found it on level 8 of the Lair of Beasts)
 z - a wand of fireball (7)
   (You found it on level 7 of the Dungeon)
 U - a wand of confusion (16)
   (You found it on level 2 of the Snake Pit)
 Z - a wand of cold (9)
   (You found it on level 14 of the Dungeon)
Scrolls
 d - 10 scrolls of teleportation
 m - 17 scrolls of identify
 s - 9 scrolls of remove curse
 x - a scroll of enchant armour
 D - 3 scrolls of summoning
 F - a scroll of fog
 L - 2 scrolls of recharging
 P - 2 scrolls of blinking {!r}
 S - a scroll of torment
Books
 u - a Necronomicon
   (You found it on level 1 of the Snake Pit)
Miscellaneous
 e - an ornate deck of war
   (Nemelex Xobeh gifted it to you on level 12 of the Dungeon)
 h - a phial of floods
   (You found it on level 15 of the Dungeon)
 w - an ornate deck of escape {drawn: 7}
   (Nemelex Xobeh gifted it to you on level 2 of the Lair of Beasts)
 A - a legendary deck of defence {drawn: 5}
   (You found it on level 8 of the Lair of Beasts)
 B - a legendary deck of war {drawn: 1}
   (Nemelex Xobeh gifted it to you on level 14 of the Dungeon)
 E - an ornate deck of war
   (Nemelex Xobeh gifted it to you on level 2 of the Snake Pit)
 K - a lantern of shadows
   (You found it on level 14 of the Dungeon)
 O - a phantom mirror
 Q - a stone of tremors
   (You found it on level 2 of the Lair of Beasts)
 R - a legendary deck of war
   (Nemelex Xobeh gifted it to you on level 2 of the Snake Pit)
 W - an ornate deck of destruction {drawn: 1}
   (Nemelex Xobeh gifted it to you on level 11 of the Dungeon)
 Y - a lamp of fire (inert)
   (You found it on level 15 of the Dungeon)


   Skills:
 + Level 12.6 Fighting
 * Level 14.6 Maces & Flails
 - Level 6.6 Throwing
 + Level 11.7 Armour
 + Level 6.5 Dodging
 - Level 1.9 Stealth
 + Level 13.2 Evocations


You had 16 spell levels left.
You didn't know any spells.

Dungeon Overview and Level Annotations

Branches:
Dungeon (15/15)            Temple (1/1) D:4            Lair (8/8) D:9
 Shoals (0/4) Lair:5        Snake (3/4) Lair:5        Slime (0/6) Lair:6
    Orc (4/4) D:10            Elf (0/3) Orc:3        Vaults (0/5) D:13
 Depths (0/5) D:15

Altars:
Ashenzari
Cheibriados
Dithmenos
Elyvilon
Fedhas
Gozag
Kikubaaqudgha
Makhleb
Nemelex Xobeh
Okawaru
Qazlal
Ru
Sif Muna
Trog
Vehumet
Xom
Yredelemnul
Zin
The Shining One
Beogh
Jiyva

Shops:
D:4 %   D:13 =   D:14 %   Orc:1 *   Orc:4 [%(%

Portals:
Trove: D:12 (give +3 storm dragon armour)

Annotations:
D:14 exclusion: obsidian statue
Lair:6 1 runed door


Innate Abilities, Weirdness & Mutations

You do not eat or drink.
Your flesh is vulnerable to fire.
You are immune to poison.
Your flesh is cold resistant.
You are immune to negative energy.
You are immune to unholy pain and torment.
You can survive without breathing.
You are in touch with the powers of death.
You can restore your body by infusing magical energy.


Message History

The guardian serpent closely misses you.
You take 12 damage, and have 65/135 hp.
Aim: a naga sharpshooter, wielding an arbalest The bolt of fire hits the naga sharpshooter.
This wand has 8 charges left.
The naga sharpshooter shoots a bolt.
The bolt hits you.
The guardian serpent hits you but does no damage.
The salamander barely misses you.
A naga comes into view. It is wielding a battleaxe.
You take 2 damage, and have 63/135 hp.
Aim: a naga sharpshooter, wielding an arbalest (heavily wounded)
The fireball explodes!
The fireball engulfs the naga sharpshooter.
The fireball engulfs the naga.
This wand has 8 charges left.
The guardian serpent hits you but does no damage.
The guardian serpent closely misses you.
Aim: a naga, wielding a battleaxe and wearing a robe (heavily wounded)
The fireball explodes!
The fireball engulfs the naga.
You kill the naga!
The fireball engulfs the naga sharpshooter.
This wand has 7 charges left.
The salamander barely misses you.
The guardian serpent coils itself and performs some mystic snake dance.
The naga sharpshooter blinks!
The naga sharpshooter shoots a bolt.
The bolt hits you but does no damage.
You closely miss the naga sharpshooter.
The guardian serpent hits you but does no damage.
The salamander hits you but does no damage.
You barely miss the naga sharpshooter. The guardian serpent hits you.
The naga sharpshooter spits poison at you.
The splash of poison hits you! You resist.
The salamander hits you with a trident!
You are engulfed in flames!
You resist. The guardian serpent hits you!
* * * LOW HITPOINT WARNING * * *
You take 27 damage, and have 38/135 hp.
Your plate armour prevents you from hitting the guardian serpent.
The guardian serpent hits you.
* * * LOW HITPOINT WARNING * * *
The naga sharpshooter gestures wildly while chanting.
The naga sharpshooter magically shoots a bolt.
The bolt hits you.
* * * LOW HITPOINT WARNING * * *
The salamander hits you but does no damage.
The naga shouts!
You take 2 damage, and have 36/135 hp.
You draw a card...
It is the Blade.
Your +4 great mace of crushing looks oddly sharp.
The guardian serpent barely misses you.
The naga sharpshooter shoots a bolt.
The bolt hits you.
* * * LOW HITPOINT WARNING * * *
The guardian serpent gestures with its tail.
The naga blinks!
You hear a blaring wail to the east.
The salamander closely misses you.
You hear a shout!
You hear an angry hiss.
You hear a shout!
You hear a shout!
You hear a shout! x2
You hear an angry hiss. x3
You take 6 damage, and have 30/135 hp.
You sock the guardian serpent! You barely miss the salamander.
You sock the naga! You barely miss the naga sharpshooter.
The guardian serpent barely misses you. The naga spits poison at you.
The splash of poison misses you.
The splash of poison hits the guardian serpent.
The guardian serpent completely resists.
The naga sharpshooter shoots a bolt.
The bolt hits you!
* * * LOW HITPOINT WARNING * * *
The salamander hits you but does no damage.
You take 13 damage, and have 17/135 hp.
Triple draw from which deck? (? for menu, Esc to quit)
You draw... (choose one card, ? for their descriptions)
a - the Alchemist
b - the Banshee c - Swap You feel better. 76 of your gold pieces vanish!
The guardian serpent hits you. The guardian serpent hits you!
* * * LOW HITPOINT WARNING * * *
The naga closely misses you. The naga barely misses you.
You regained 21 hp, and now have 38/135 hp.
You now have 24/26 mp.
You barely miss the guardian serpent. You closely miss the naga sharpshooter.
Your plate armour prevents you from hitting the naga.
You thump the salamander! The guardian serpent hits you.
* * * LOW HITPOINT WARNING * * *
The salamander hits you but does no damage.
The naga sharpshooter shoots a bolt.
The bolt hits you but does no damage.
You take 4 damage, and have 34/135 hp.
You hit the naga sharpshooter. You hit the naga. You hit the salamander.
You miss the guardian serpent. The guardian serpent hits you.
* * * LOW HITPOINT WARNING * * *
The naga drinks a potion.
The naga suddenly seems more agile.
The salamander hits you with a trident!
* * * LOW HITPOINT WARNING * * *
You are engulfed in flames.
You resist.
* * * LOW HITPOINT WARNING * * *
The guardian serpent hits you but does no damage.
The naga sharpshooter casts a spell.
The naga sharpshooter magically shoots a bolt.
The bolt hits you!
You die...
Your body disappears without a glow.

N..N# #).###
....... #.<..#
)...... #..#..#
##....... #.S#
............ ..$.
####........ .##...
...........
.....##.##N).......
.# #.....[S@N......
.. ####..[†.N)..##.
##...###..# #..#..
.... ...##.## %..
...# [.# .# .##.
.## # .# ..


You could see a naga sharpshooter, a salamander, a guardian serpent and a naga.

Vanquished Creatures
  Saint Roka (Orc:4)
  Kirke (Lair:5)
  A greater naga (Snake:2)
  A ghost moth (D:15)
  Azrael (D:15)
  A dire elephant (Lair:8)
  A minotaur (Lab)
  2 great orbs of eyes (D:15)
  7 vault guards
  2 fire dragons
  An ettin (D:15)
  Josephine (D:11)
  A yaktaur captain (D:15)
  An ice dragon (D:15)
  7 naga warriors
  3 hydras
  4 anacondas
  Erica (D:11)
  5 death yaks
  5 centaur warriors
  A ghost crab (D:15)
  A queen ant (shapeshifter) (D:15)
  A deep troll shaman (Lair:8)
  A queen ant (Lair:7)
  2 naga sharpshooters (Snake:2)
  3 shock serpents (Snake:2)
  2 ogre magi (D:15)
  A tengu warrior (D:14)
  A skeletal warrior (D:15)
  4 unseen horrors
  4 orc knights
  A naga ritualist (Snake:2)
  An unseen horror (shapeshifter) (D:15)
  4 griffons
  6 mana vipers
  4 hill giants
  An orb spider (D:12)
  3 orc sorcerers
  4 cyclopes
  2 salamanders
  A faun (Orc:1)
  A necromancer (D:15)
  2 wolf spiders (D:15)
  4 ugly things
  21 black mambas
  7 elephants
  3 manticores
  7 naga magi
  2 gargoyles
  An ice statue (IceCv)
  10 spiny frogs
  4 torpor snails
  A molten gargoyle (Lair:4)
  A guardian serpent (Snake:2)
  2 efreet
  9 komodo dragons
  A freezing wraith (D:15)
  5 fire drakes
  A queen bee (D:12)
  4 trolls
  7 two-headed ogres
  16 polar bears
  A slime creature (D:15)
  4 tengu conjurers
  Grinder (D:3)
  A harpy skeleton (D:15)
  A centaur simulacrum (D:15)
  14 blink frogs
  A human (Snake:2)
  Sigmund (D:6)
  A blink frog (shapeshifter) (D:14)
  A redback (D:15)
  2 trapdoor spiders
  A spriggan (Snake:1)
  82 yaks
  A deep elf mage (D:9)
  5 wraiths
  13 hippogriffs
  3 fire elementals (D:15)
  6 vampire mosquitoes
  4 basilisks
  Grum (D:9)
  2 vampires (D:15)
  22 wolves
  A hog (Lair:5)
  11 hungry ghosts
  4 wyverns
  21 soldier ants
  2 wargs
  15 water moccasins
  3 hell hounds (D:15)
  32 orc warriors
  27 nagas
  10 sky beasts
  15 porcupines
  A wasp (shapeshifter) (IceCv)
  3 ice beasts
  A swamp drake (Orc:1)
  2 black bears
  A wasp (D:11)
  9 spiders
  A phantom (D:8)
  19 ogres
  A boggart (IceCv)
  13 centaurs
  13 crocodiles
  21 giant frogs
  5 big kobolds
  2 brain worms
  A wyvern zombie (D:14)
  A water moccasin skeleton (D:6)
  6 scorpions
  23 killer bees
  9 wights
  4 spriggan skeletons (D:11)
  2 electric eels
  11 crimson imps
  26 orc priests
  A giant frog zombie (D:9)
  10 centaur skeletons
  9 hounds
  9 centaur zombies
  10 jellies
  Ijyb (D:3)
  10 giant frog skeletons
  15 iguanas
  27 orc wizards
  33 sheep
  30 worker ants
  2 hound zombies
  2 hound skeletons
  Robin (D:3)
  7 gnolls
  77 river rats
  18 adders
  7 shadow imps
  2 giant eyeballs (D:15)
  An adder zombie (D:8)
  An ooze (D:1)
  4 worms
  5 giant geckos
  167 orcs
  7 giant cockroaches
  2 gnoll zombies (D:8)
  14 goblins
  9 hobgoblins
  6 jackals
  5 ball pythons
  3 bats
  A giant gecko skeleton (D:4)
  8 giant newts
  A jackal skeleton (D:4)
  35 kobolds
  3 quokkas
  8 rats
  4 plants
1243 creatures vanquished.

Vanquished Creatures (collateral kills)
  Rupert (Lair:6)
  A sphinx (D:15)
  A frost giant (IceCv)
  Nessos (Lair:6)
  2 naga warriors (Snake:2)
  A hydra (Lair:1)
  2 catoblepae
  An alligator snapping turtle (D:15)
  2 death yaks (Lair:8)
  A shock serpent (Snake:2)
  2 orc sorcerers (Orc:4)
  A wolf spider (D:15)
  A guardian serpent (Snake:2)
  3 black mambas
  A centaur zombie (D:15)
  2 slime creatures (D:15)
  2 elephants (Lair:8)
  Joseph (D:9)
  A komodo dragon (Lair:2)
  A polar bear (IceCv)
  A trapdoor spider (Snake:1)
  A wraith (D:11)
  2 humans (Lair:5)
  2 yaks (D:13)
  A fire elemental (D:15)
  A hog (Lair:5)
  A hippogriff (Lair:6)
  4 wolves
  3 nagas (Snake:2)
  6 orc warriors
  A wyvern zombie (D:13)
  A jelly (D:9)
  2 orc wizards (Orc:4)
  A sheep (D:15)
  6 orcs (Orc:4)
  A fungus (Lair:6)
  A plant (Lair:6)
63 creatures vanquished.

Vanquished Creatures (others)
  A centaur zombie (D:15)
  A big kobold (D:15)
  A worker ant zombie (D:10)
  A river rat (Lair:6)
  10 fungi
  4 plants
18 creatures vanquished.

Grand Total: 1324 creatures vanquished

Notes
Turn   | Place    | Note
--------------------------------------------------------------
     0 | D:1      | shklvsk the Mummy Wanderer began the quest for the Orb.
     0 | D:1      | shklvsk set off with: a +2 mace, a scroll of teleportation, 10 poisoned needles, a +0 blowgun, a +0 robe
     0 | D:1      | Reached XP level 1. HP: 18/18 MP: 1/1
   261 | D:1      | Reached XP level 2. HP: 14/24 MP: 2/2
   487 | D:1      | Reached skill level 2 in Maces & Flails
   492 | D:1      | HP: 6/24 [jackal (2)]
   493 | D:1      | HP: 1/24 [jackal (3)]
  1245 | D:1      | Reached XP level 3. HP: 29/29 MP: 3/3
  1928 | D:2      | Found a sparkling altar of Nemelex Xobeh.
  1970 | D:2      | Reached XP level 4. HP: 33/35 MP: 4/4
  1985 | D:2      | Reached skill level 3 in Maces & Flails
  2132 | D:2      | Became a worshipper of Nemelex Xobeh the Trickster
  2662 | D:2      | Reached XP level 5. HP: 41/41 MP: 5/5
  2713 | D:3      | Reached skill level 2 in Throwing
  2755 | D:3      | Noticed a centaur
  2778 | D:3      | HP: 8/41 [centaur (5)]
  2779 | D:3      | HP: 3/41 [centaur (4)]
  3251 | D:3      | Noticed Grinder
  3261 | D:4      | Received a gift from Nemelex Xobeh
  3714 | D:4      | Found a staircase to the Ecumenical Temple.
  3720 | Temple   | Entered the Ecumenical Temple
  3720 | Temple   | Received a gift from Nemelex Xobeh
  3720 | Temple   | Reached * piety under Nemelex Xobeh
  3918 | D:4      | Found Jingieff's Food Shoppe.
  4033 | D:4      | Reached XP level 6. HP: 44/47 MP: 7/7
  4385 | D:3      | Reached skill level 2 in Evocations
  4409 | D:3      | HP: 10/47 [centaur (7)]
  4671 | D:3      | Noticed Robin
  4684 | D:3      | Reached skill level 4 in Maces & Flails
  4728 | D:3      | Killed Robin
  5035 | D:3      | Found a glowing golden altar of the Shining One.
  5036 | D:3      | Found a burning altar of Makhleb.
  5061 | D:5      | Entered Level 5 of the Dungeon
  5143 | D:5      | Reached skill level 2 in Armour
  5505 | D:5      | Reached XP level 7. HP: 52/52 MP: 7/9
  5644 | D:5      | Reached skill level 3 in Evocations
  6255 | D:6      | Reached skill level 5 in Maces & Flails
  6255 | D:6      | Reached skill level 3 in Throwing
  6614 | D:6      | Reached XP level 8. HP: 52/58 MP: 10/10
  6644 | D:6      | Noticed Sigmund
  6710 | D:6      | Received a gift from Nemelex Xobeh
  6778 | D:6      | Found a blossoming altar of Fedhas.
  6791 | D:6      | Reached ** piety under Nemelex Xobeh
  6835 | D:6      | Killed Sigmund
  6835 | D:6      | Reached skill level 3 in Armour
  6835 | D:6      | Reached skill level 4 in Evocations
  7891 | D:7      | Reached skill level 4 in Fighting
  8238 | D:7      | Reached skill level 5 in Evocations
  8340 | D:7      | Received a gift from Nemelex Xobeh
  8422 | D:7      | Reached XP level 9. HP: 59/66 MP: 12/12
  8871 | D:7      | Reached skill level 6 in Maces & Flails
  8871 | D:7      | Reached skill level 4 in Throwing
  9240 | D:8      | Found a basalt altar of Yredelemnul.
  9454 | D:8      | Reached *** piety under Nemelex Xobeh
  9454 | D:8      | Received a gift from Nemelex Xobeh
  9682 | D:8      | Found a deep blue altar of Sif Muna.
  9984 | D:9      | Found a glowing golden altar of the Shining One.
  9994 | D:9      | Reached skill level 4 in Armour
 10172 | D:9      | Noticed Grum
 10485 | D:8      | Reached skill level 5 in Fighting
 10598 | D:9      | Got a bloodstained whip
 10599 | D:9      | Identified the +6 whip "Biwn" {vamp, rC- rN+ Dex+2} (You found it on level 9 of the Dungeon)
 10682 | D:9      | Reached skill level 6 in Evocations
 10808 | D:9      | Noticed a hill giant
 11079 | D:9      | Received a gift from Nemelex Xobeh
 11300 | D:9      | Found a glowing silver altar of Zin.
 11412 | D:9      | HP: 15/68 [worker ant (3)]
 11417 | D:9      | HP: 15/68 [jelly (1)]
 11461 | D:9      | Killed a hill giant
 11461 | D:9      | Reached skill level 7 in Maces & Flails
 11461 | D:9      | Reached XP level 10. HP: 19/74 MP: 14/14
 11729 | D:9      | Got a pair of ichor-stained gloves
 11740 | D:9      | Identified the +1 pair of gloves of Qatofir {rF+ MR+ Regen+ Dex+4} (You found it on level 9 of the Dungeon)
 11905 | D:9      | Killed Grum
 11912 | D:9      | Reached skill level 5 in Throwing
 12154 | D:9      | Noticed Joseph
 12182 | D:9      | Killed Joseph
 12201 | D:9      | Reached skill level 6 in Fighting
 12297 | D:9      | Found a staircase to the Lair.
 12297 | D:9      | Noticed a fire drake
 12314 | D:9      | Reached skill level 5 in Armour
 12317 | D:9      | Killed a fire drake
 12317 | D:9      | Reached skill level 7 in Evocations
 12389 | D:9      | Found a radiant altar of Vehumet.
 12430 | D:10     | Entered Level 10 of the Dungeon
 12430 | D:10     | Received a gift from Nemelex Xobeh
 12727 | D:10     | Noticed a hill giant
 12801 | Lair:1   | Entered Level 1 of the Lair of Beasts
 12913 | Lair:1   | Reached skill level 8 in Maces & Flails
 12984 | Lair:1   | Received a gift from Nemelex Xobeh
 13134 | Lair:1   | Reached XP level 11. HP: 79/82 MP: 16/16
 13228 | Lair:1   | Noticed an eight-headed hydra
 13234 | Lair:1   | Killed an eight-headed hydra
 13520 | Lair:1   | Reached skill level 8 in Evocations
 14008 | Lair:2   | Received a gift from Nemelex Xobeh
 14234 | Lair:2   | Reached skill level 6 in Throwing
 14322 | Lair:2   | Reached **** piety under Nemelex Xobeh
 14579 | Lair:2   | Reached skill level 6 in Armour
 14637 | Lair:2   | Reached skill level 7 in Fighting
 14888 | Lair:2   | Received a gift from Nemelex Xobeh
 14935 | Lair:2   | Noticed a fire dragon
 14949 | Lair:2   | Killed a fire dragon
 14949 | Lair:2   | Reached skill level 9 in Maces & Flails
 15045 | Lair:2   | Identified Sutikyn's Collected Works on Poison
 16072 | Lair:3   | Reached XP level 12. HP: 66/91 MP: 18/18
 16534 | Lair:4   | Reached ***** piety under Nemelex Xobeh
 16698 | Lair:4   | Reached skill level 9 in Evocations
 16871 | Lair:4   | Received a gift from Nemelex Xobeh
 17846 | Lair:5   | Reached skill level 8 in Fighting
 17942 | Lair:5   | Noticed Kirke
 17954 | Lair:5   | Killed Kirke
 17954 | Lair:5   | Reached skill level 10 in Maces & Flails
 18033 | Lair:5   | Reached skill level 2 in Dodging
 18055 | Lair:5   | Received a gift from Nemelex Xobeh
 18305 | Lair:5   | Reached skill level 7 in Armour
 18497 | Lair:5   | Reached skill level 10 in Evocations
 18549 | Lair:5   | Found a staircase to the Shoals.
 18556 | Lair:5   | Received a gift from Nemelex Xobeh
 18651 | Lair:5   | Found a staircase to the Snake Pit.
 19157 | Lair:5   | Gained mutation: You are in touch with the powers of death. [Mummy growth]
 19157 | Lair:5   | Gained mutation: You can restore your body by infusing magical energy. [Mummy growth]
 19157 | Lair:5   | Reached XP level 13. HP: 93/99 MP: 20/20
 19443 | Lair:6   | Received a gift from Nemelex Xobeh
 19479 | Lair:6   | Noticed Nessos
 19508 | Lair:6   | Reached skill level 3 in Dodging
 19509 | Lair:6   | Killed Nessos
 19570 | Lair:6   | Found a runed door.
 19572 | Lair:6   | Found a viscous altar of Jiyva.
 19746 | Lair:6   | Noticed Rupert
 19759 | Lair:6   | Killed Rupert
 19826 | Lair:6   | Received a gift from Nemelex Xobeh
 19863 | Lair:6   | Reached skill level 9 in Fighting
 20204 | Lair:1   | HP: 21/101 [komodo dragon (14)]
 20718 | Lair:6   | Received a gift from Nemelex Xobeh
 20914 | Lair:6   | Found a staircase to the Slime Pits.
 21021 | Lair:7   | Found a labyrinth entrance.
 21030 | Lab      | Entered a labyrinth
 21131 | Lab      | Received a gift from Nemelex Xobeh
 21282 | Lab      | Identified the Reference Book on the Rocks
 21428 | Lair:7   | Found a frozen archway.
 21474 | Lair:7   | HP: 25/101 [ice dragon/blast of cold (57)]
 21504 | IceCv    | Entered an ice cave
 21635 | IceCv    | Reached skill level 11 in Maces & Flails
 21642 | IceCv    | Reached skill level 4 in Dodging
 21991 | IceCv    | Received a gift from Nemelex Xobeh
 22460 | IceCv    | Reached skill level 8 in Armour
 22515 | IceCv    | Noticed a frost giant
 22541 | IceCv    | Drew Focus: Str increased to 19, Dex decreased to 11
 22559 | IceCv    | Killed a frost giant
 22901 | Lair:7   | You fall through a shaft!
 22901 | Lair:8   | Entered Level 8 of the Lair of Beasts
 23138 | Lair:7   | Reached skill level 11 in Evocations
 23305 | Lair:7   | Reached XP level 14. HP: 108/108 MP: 22/22
 23463 | Lair:7   | Received a gift from Nemelex Xobeh
 23616 | Lair:7   | HP: 26/108 [death yak (10)]
 23934 | Lair:8   | Received a gift from Nemelex Xobeh
 24721 | Lair:8   | Reached skill level 5 in Dodging
 24785 | Lair:8   | Received a gift from Nemelex Xobeh
 24847 | Lair:8   | Reached skill level 9 in Armour
 25283 | Lair:8   | Noticed a dire elephant
 25350 | Lair:8   | Killed a dire elephant
 25350 | Lair:8   | Reached skill level 10 in Fighting
 25418 | Lair:8   | Got a faintly glowing plate armour
 25429 | Lair:8   | Identified the cursed +0 plate armour of Somewhere Else {rN++ MR+ MP-9 Dex+2} (You found it on level 8 of the Lair of Beasts)
 25770 | D:10     | Found a staircase to the Orcish Mines.
 25809 | D:10     | Killed a hill giant
 25816 | D:10     | Reached ****** piety under Nemelex Xobeh
 25865 | D:10     | Received a gift from Nemelex Xobeh
 26370 | D:11     | Received a gift from Nemelex Xobeh
 26482 | D:11     | Noticed Erica
 26505 | D:11     | Killed Erica
 26556 | D:11     | Reached skill level 12 in Maces & Flails
 26709 | D:11     | Noticed Josephine
 26740 | D:11     | Killed Josephine
 26772 | D:11     | Received a gift from Nemelex Xobeh
 27316 | Orc:1    | Entered Level 1 of the Orcish Mines
 27383 | Orc:1    | Found Moynich's Assorted Antiques.
 27397 | Orc:1    | Bought a bronze wand for 132 gold pieces
 27397 | Orc:1    | Bought a scroll of teleportation for 99 gold pieces
 27397 | Orc:1    | Bought a dazzling scale mail for 297 gold pieces
 27397 | Orc:1    | Bought a scroll of teleportation for 99 gold pieces
 27397 | Orc:1    | Identified the +4 scale mail of Insatiable Hunger {*Corrode rElec rPois} (You bought it in a shop on level 1 of the Orcish Mines)
 28039 | Orc:3    | Found a staircase to the Elven Halls.
 28150 | Orc:3    | Found a roughly hewn altar of Beogh.
 28224 | Orc:3    | Received a gift from Nemelex Xobeh
 28437 | Orc:2    | Received a gift from Nemelex Xobeh
 28447 | Orc:2    | Noticed Fannar
 28695 | Orc:2    | Noticed Fannar
 28695 | Orc:2    | Fannar changed into Fannar the faun
 28705 | Orc:1    | Killed Fannar the faun
 29086 | Orc:4    | Entered Level 4 of the Orcish Mines
 29086 | Orc:4    | Received a gift from Nemelex Xobeh
 29271 | Orc:4    | Found a roughly hewn altar of Beogh.
 29331 | Orc:4    | Found Qaluc's Food Emporium.
 29517 | Orc:4    | Found a roughly hewn altar of Beogh.
 29671 | Orc:4    | Found a roughly hewn altar of Beogh.
 29671 | Orc:4    | Found Ipi Uhoh's Food Emporium.
 29775 | Orc:4    | Found a roughly hewn altar of Beogh.
 29798 | Orc:4    | Received a gift from Nemelex Xobeh
 29899 | Orc:4    | Reached XP level 15. HP: 100/117 MP: 14/23
 30061 | Orc:4    | Noticed Saint Roka
 30077 | Orc:4    | XOM: potion effect (agility)
 30478 | Orc:4    | Found Jeluisopna's Antique Weapon Emporium.
 30479 | Orc:4    | Found a roughly hewn altar of Beogh.
 30496 | Orc:4    | Found Jiptye's Antique Armour Shoppe.
 30523 | Orc:4    | Bought a glowing fire dragon armour for 1560 gold pieces
 30946 | Orc:4    | Killed Saint Roka
 30946 | Orc:4    | Reached skill level 12 in Evocations
 31172 | Orc:4    | Found a roughly hewn altar of Beogh.
 31268 | Orc:4    | Found a roughly hewn altar of Beogh.
 31671 | D:12     | Reached skill level 6 in Dodging
 31741 | D:12     | Reached skill level 10 in Armour
 31920 | D:12     | Found a roughly hewn altar of Beogh.
 31943 | D:12     | Noticed Sonja
 31951 | D:12     | Noticed Sonja
 31951 | D:12     | Sonja changed into Sonja the ogre
 32115 | D:12     | Killed Sonja the ogre
 32200 | D:12     | Received a gift from Nemelex Xobeh
 32238 | D:12     | Noticed Erolcha
 32242 | D:12     | Noticed Erolcha
 32242 | D:12     | Erolcha changed into Erolcha the orb spider
 32245 | D:12     | Found a portal to a secret trove of treasure.
 32266 | D:12     | Killed Erolcha the orb spider
 32616 | D:12     | Received a gift from Nemelex Xobeh
 32741 | D:12     | Noticed Maurice
 32773 | D:12     | Noticed Maurice
 32773 | D:12     | Maurice changed into Maurice the big kobold
 32782 | D:12     | Killed Maurice the big kobold
 33036 | D:13     | Found Kadar's Jewellery Boutique.
 33068 | D:13     | Reached skill level 11 in Fighting
 33731 | D:13     | Found a gate to the Vaults.
 34219 | D:13     | Found a snail-covered altar of Cheibriados.
 34980 | D:3      | Noticed Ijyb
 34985 | D:3      | Killed Ijyb
 35104 | D:3      | Killed a centaur
 35169 | D:3      | Killed Grinder
 35464 | D:14     | Received a gift from Nemelex Xobeh
 35712 | D:14     | Found Qeuxo's Food Boutique.
 35997 | D:14     | Received a gift from Nemelex Xobeh
 36440 | D:14     | Reached skill level 13 in Maces & Flails
 36558 | D:15     | Entered Level 15 of the Dungeon
 36575 | D:15     | Hired Zoire the big kobold for 92 gold.
 36594 | D:15     | Found a staircase to the Depths.
 36704 | D:15     | Received a gift from Nemelex Xobeh
 36762 | D:15     | Paralysed by a giant eyeball for 4 turns
 36768 | D:15     | Paralysed by a giant eyeball for 2 turns
 36774 | D:15     | Paralysed by a giant eyeball for 4 turns
 36848 | D:15     | Reached XP level 16. HP: 84/126 MP: 25/25
 37125 | D:15     | Your ally Zoire died
 37127 | D:15     | Noticed Agnes
 37137 | D:15     | Noticed a tengu reaver
 37139 | D:15     | Noticed Agnes
 37139 | D:15     | Agnes changed into Agnes the wolf spider
 37139 | D:15     | a tengu reaver changed into an alligator snapping turtle
 37142 | D:15     | Killed Agnes the wolf spider
 37352 | D:15     | Noticed a sphinx
 37359 | D:15     | a sphinx changed into an iron troll
 37639 | D:15     | Found a shimmering altar of Xom.
 37818 | D:15     | Got a steaming ring mail
 37819 | D:15     | Identified the +2 ring mail of Beogh's Condemnation {rF++} (You took it off a skeletal warrior on level 15 of the Dungeon)
 37882 | D:15     | Got a slimy silver ring
 37885 | D:15     | Identified the ring of Patience {rPois Int+3 Dex+4 SInv} (You took it off a necromancer on level 15 of the Dungeon)
 37939 | D:15     | Found a stormy altar of Qazlal.
 37977 | D:15     | Got a slimy gossamer ring
 38011 | D:15     | Reached skill level 11 in Armour
 38098 | D:15     | Identified the cursed ring of Emawnotup {rPois rF- MP+9 Str+2 Int-2} (You took it off an ogre mage on level 15 of the Dungeon)
 38325 | D:15     | Found a white marble altar of Elyvilon.
 38334 | D:15     | Received a gift from Nemelex Xobeh
 38369 | D:15     | Reached skill level 12 in Fighting
 38389 | D:15     | Got a scorched tin ring
 38391 | D:15     | Identified the ring of Fyekex {rN+ EV+3} (You found it on level 15 of the Dungeon)
 38496 | D:15     | Noticed Azrael
 38506 | D:15     | Killed Azrael
 39011 | Snake:1  | Entered Level 1 of the Snake Pit
 39161 | Snake:1  | HP: 22/127 [black mamba (11)]
 39169 | Snake:1  | HP: 25/127 [naga sharpshooter/bolt (1)]
 39174 | Snake:1  | Reached skill level 14 in Maces & Flails
 39185 | Snake:1  | HP: 30/127 [mana viper (2)]
 39208 | Snake:1  | HP: 23/127 [mana viper (9)]
 39215 | Snake:1  | HP: 24/127 [anaconda (3)]
 39223 | Snake:1  | HP: 25/127 [black mamba (5)]
 39288 | Snake:1  | HP: 29/127 [salamander/spear (4)]
 39473 | Snake:1  | Reached skill level 13 in Evocations
 40153 | Snake:2  | Received a gift from Nemelex Xobeh
 40589 | Snake:2  | Received a gift from Nemelex Xobeh
 40823 | Snake:2  | Reached XP level 17. HP: 133/135 MP: 18/26
 42225 | Snake:3  | HP: 30/135 [naga sharpshooter/bolt (6)]
 42229 | Snake:3  | HP: 13/135 [salamander/trident (5)]
 42229 | Snake:3  | Shot with a bolt by a naga sharpshooter

Action                   |  1- 3 |  4- 6 |  7- 9 | 10-12 | 13-15 | 16-18 || total
-------------------------+-------+-------+-------+-------+-------+-------++-------
Melee: Mace              |    98 |   338 |   331 |       |       |       ||   767
       Dagger            |     4 |       |       |       |       |       ||     4
       Flail             |       |       |   149 |       |       |       ||   149
       Whip              |       |       |   148 |  1565 |  3722 |       ||  5435
       Great mace        |       |       |       |       |   456 |   718 ||  1174
 Fire: Blowgun           |    19 |    39 |    78 |    89 |    38 |       ||   263
Throw: Stone             |       |     1 |     4 |     3 |       |       ||     8
       Javelin           |       |       |       |       |     2 |    10 ||    12
Invok: Triple Draw       |       |       |     4 |       |     8 |     4 ||    16
       Stack Five        |       |       |       |     1 |       |       ||     1
       Deal Four         |       |       |       |       |     2 |       ||     2
Evoke: Wand              |       |       |     6 |     4 |       |     8 ||    18
       Deck              |       |       |     1 |    34 |   114 |    49 ||   198
       Stone of tremors  |       |       |       |       |     1 |     1 ||     2
       Lamp of fire      |       |       |       |       |       |     3 ||     3
  Use: Scroll            |       |    14 |     6 |     4 |    15 |     7 ||    46
 Stab: Distracted        |     1 |       |     1 |       |     4 |       ||     6
       Petrified         |       |       |       |       |     3 |       ||     3
       Confused          |       |       |       |       |     2 |       ||     2
       Petrifying        |       |       |       |       |     1 |       ||     1

Vault maps used:
D:1:      onia_arrival_handbag, minmay_close_crescents
D:2:      lemuel_doored_altar, grunt_ministairs_2
D:3:      gammafunk_temple_overflow_pools, uniq_grinder, uniq_iyjb, uniq_robin
D:4:      minmay_temple_entry_nine_rooms, serial_shops, kennysheep_little_box,
          hangedman_decor_clover_reticule, kennysheep_potato
D:5:      first_bread
D:6:      grunt_decor_mini_mirrors, fedhas_altar_2, uniq_sigmund
D:8:      lemuel_blue_sif_altar, lemuel_zombie_altar_yredelemnul
D:9:      minmay_imperfect_grid, lemuel_coloured_pillars_altar,
          lemuel_crystal_altar, minmay_lair_entry_lava, tso_metal_star,
          uniq_grum, uniq_joseph
D:10:     orc_david_3
D:11:     hangedman_tell_no_tales, uniq_josephine, uniq_erica
D:12:     special_room, enter_trove_1, kennysheep_decorative_pillar,
          nicolae_looking_at_the_future, uniq_maurice, uniq_erolcha, uniq_sonja
D:13:     lightli_vaults_fourway_checkpoint, basic_altar, serial_shops,
          nicolae_shop_waterfront
D:14:     minmay_statue_hallways, nrook_mini_vaults, serial_shops,
          nicolae_shop_waterfront, spider_trap, small_chamber_with_monster
D:15:     hangedman_spin_cycle, uniq_agnes
Temple:   triangle_lava_temple_12
Lair:1:   bh_autumn_forest_stairs, lemuel_fruit_fields
Lair:2:   dragon1_lemuel, grunt_megastairs_3
Lair:3:   serial_bayou_shore_a
Lair:4:   hangedman_lair_generics_rect
Lair:5:   forest_paths, elwin_shoals_entry_rocks,
          minmay_snake_entry_guardpost_medium, uniq_kirke
Lair:6:   slime_altar_2, lemuel_old_faithful, uniq_rupert, uniq_nessos
Lair:7:   lab_entry_generic, portal_ice_cave_entry_dragon, minivault_29,
          lemuel_fruit_fields
Lair:8:   grunt_lair_end_beastmaster, nicolae_quartered_pool_super,
          lemuel_fruit_fields, serial_bayou_shore_b
Snake:2:  serial_bayou_shore_b, grunt_megastairs_2, serial_bayou_shore_b,
          lemuel_fruit_tree
Snake:3:  serial_shops, shop, spider_trap
Orc:1:    serial_shops, shop
Orc:2:    uniq_fannar
Orc:3:    serial_shops, nicolae_orc_pool_cavern, bh_open_orc_temple
Orc:4:    grunt_orc_community_town_hall, grunt_orc_community_big_house_1,
          grunt_orc_community_big_house_1, grunt_orc_community_house_2,
          grunt_orc_community_house_3, grunt_orc_community_house_3,
          grunt_orc_community_house_1, grunt_orc_community_house_2
Lab:      nicolae_lab_dead_adventurers, nicolae_lab_checkerboard,
          labyrinth_skeletal_remains, nicolae_lab_diamond, nicolae_lab_stuck,
          lab_block
IceCv:    ice_cave_small_giant

Table legend:
 A = Turns spent in this place as a percentage of turns spent in the entire game.
 B = Non-inter-level travel turns spent in this place as a percentage of non-inter-level travel turns spent in the entire game.
 C = Inter-level travel turns spent in this place as a percentage of turns spent in this place.
 D = Turns resting spent in this place as a percentage of non-inter-level travel turns spent in this place.
 E = Turns spent auto-exploring this place as a percentage of non-inter-level travel turns spent in this place.
 F = Non-inter-level travel turns spent in this place divided by the number of levels of this place that you've seen.
                   A       B       C       D       E      F
               +-------+-------+-------+-------+-------+----------------------
         Total | 100.0 | 100.0 |   0.7 |   2.5 |   4.4 | 516.4
       Dungeon |  46.7 |  46.7 |   0.8 |   2.8 |   5.0 | 530.1
        Temple |   0.4 |   0.4 |   0.0 |   0.0 |   5.7 |  70.0
          Lair |  30.4 |  30.4 |   0.7 |   1.5 |   3.5 | 648.1
     Snake Pit |   6.5 |   6.6 |   0.4 |   5.7 |   4.9 | 372.3
  Orcish Mines |  10.3 |  10.2 |   0.9 |   1.9 |   6.5 | 436.0
     Labyrinth |   1.3 |   1.3 |   0.0 |   0.9 |   0.0 | 222.0
      Ice Cave |   4.4 |   4.4 |   0.0 |   3.1 |   0.5 | 753.0
               +-------+-------+-------+-------+-------+----------------------

Table legend:
 A = Kills in this place as a percentage of kills in entire the game.
 B = Kills by you in this place as a percentage of kills by you in the entire game.
 C = Kills by friends in this place as a percentage of kills by friends in the entire game.
 D = Other kills in this place as a percentage of other kills in the entire game.
 E = Experience gained in this place as a percentage of experience gained in the entire game.
 F = Experience gained in this place divided by the number of levels of this place that you have seen.
                   A       B       C       D       E      F
               +-------+-------+-------+-------+-------+----------------------
         Total | 100.0 | 100.0 | 100.0 | 100.0 | 100.0 | 6998.5
       Dungeon |  45.8 |  46.6 |  27.1 | 100.0 |  40.8 | 6275.5
          Lair |  27.5 |  27.9 |  20.3 |   0.0 |  28.4 | 8191.8
     Snake Pit |   7.2 |   6.7 |  18.6 |   0.0 |  18.8 | 14446.0
  Orcish Mines |  16.1 |  15.7 |  25.4 |   0.0 |   7.3 | 4198.5
     Labyrinth |   0.6 |   0.6 |   0.0 |   0.0 |   1.0 | 2388.0
      Ice Cave |   2.8 |   2.5 |   8.5 |   0.0 |   3.8 | 8766.0
               +-------+-------+-------+-------+-------+----------------------
